 Dungeon Crawl Stone Soup version 0.27.0-1-g7a089689b8 (webtiles) character file.

Game seed: 14301737268990926111

49 backslashecho the Chopper (level 3, -4/33 HPs)
             Began as a Hill Orc Monk on Aug 6, 2021.
             Slain by Sigmund (5 damage)
             ... on level 2 of the Dungeon.
             The game lasted 00:07:09 (2482 turns).

backslashecho the Chopper (Hill Orc Monk)           Turns: 2482, Time: 00:07:10

Health: -4/33      AC:  5    Str: 14    XL:     3   Next: 77%
Magic:  3/3        EV: 11    Int: 10    God:
Gold:   46         SH:  0    Dex: 13    Spells: 2/2 levels left

rFire    . . .     SeeInvis .   a - +0 hand axe
rCold    . . .     Faith    .   (no shield)
rNeg     . . .     Spirit   .   f - +0 ring mail
rPois    .         Reflect  .   (no helmet)
rElec    .         Harm     .   (no cloak)
rCorr    .         Rampage  .   (no gloves)
Will     .....                  (no boots)
Stlth    +.........             (no amulet)
HPRegen  0.11/turn              (no ring)
MPRegen  0.08/turn              (no ring)

@: very slightly contaminated, invisible
A: no striking features
a: no special abilities


You were on level 2 of the Dungeon.
You visited 1 branch of the dungeon, and saw 2 of its levels.

You collected 46 gold pieces.

Inventory:

Hand Weapons
 a - a +0 hand axe (weapon)
Missiles
 i - 2 boomerangs of dispersal (quivered)
Armour
 f - a +0 ring mail (worn)
Scrolls
 b - a scroll of magic mapping {unknown}
 c - a scroll of enchant weapon {unknown}
 e - a scroll of amnesia {unknown}
 h - a scroll of fog {unknown}
 j - 2 scrolls of identify {unknown}


   Skills:
 + Level 4.1 Fighting
 * Level 5.0 Axes
 + Level 1.4 Armour
 - Level 2.4 Dodging
 - Level 1.5 Stealth
 - Level 1.0 Unarmed Combat


You had 2 spell levels left.
You didn't know any spells.
Your spell library was empty.

Dungeon Overview and Level Annotations

Branches:
Dungeon (2/15)

Altars:

Shops:
D:1 [

Annotations:
D:2 Sigmund


Message History

Sigmund is suddenly surrounded by pale blue light.
Sigmund hits you but does no damage.
You regained 4 hp, and now have 14/33 hp.
You hit Sigmund.
Sigmund is moderately wounded.
You hit the kobold but do no damage. The kobold barely misses you.
Sigmund gestures at you while chanting. You resist with significant effort.
You hit Sigmund.
Sigmund is heavily wounded.
You barely miss the kobold. The kobold barely misses you.
Sigmund closely misses you.
You closely miss Sigmund.
Sigmund is heavily wounded.
You closely miss the kobold. The kobold hits you but does no damage.
Sigmund gestures at you while chanting.
You are confused.
Sigmund hits you with a +0 scythe.
You take 3 damage, and have 11/33 hp.
You feel less confused.
Sigmund points at the kobold and mumbles some strange words.
You catch the helpless Sigmund completely off-guard!
You hit Sigmund but do no damage.
Sigmund is heavily wounded.
You closely miss the kobold. The kobold hits you but does no damage.
Sigmund misses you. The kobold closely misses you.
You barely miss Sigmund.
Sigmund is heavily wounded.
You hit the kobold.
You kill the kobold!
Sigmund hits you but does no damage.
You hit Sigmund.
Sigmund is heavily wounded.
Sigmund hits you with a +0 scythe!
* * * LOW HITPOINT WARNING * * *
You take 11 damage, and have 1/33 hp.
MASSIVE DAMAGE!!
You hit Sigmund.
Sigmund is heavily wounded.
Sigmund hits you with a +0 scythe.
You die...

#......#
#.###.##........
#......#
#.....##........
####......#
#..#####........
#.........#
##..#####........
#.##......#
#.............###
#.#########
#....##########
#.# #....# #.#
#....####### #.#
#(@)........ #.#
#..@.#######.
###.#
#....<..!....
....#
#....##.#....
##### #...... # .
###.#...# #.###.#
#.. .# #######
#### #


You could see Sigmund.

Vanquished Creatures
  An adder (D:2)
  A worm (D:2)
  A dart slug (D:2)
  3 endoplasms (D:1)
  2 giant cockroaches (D:1)
  8 hobgoblins
  7 kobolds
  4 ball pythons (D:1)
  2 bats (D:1)
  2 frilled lizards (D:1)
  4 rats (D:1)
35 creatures vanquished.

Notes
Turn   | Place    | Note
-------+----------+-------------------------------------------
     0 | D:1      | backslashecho the Hill Orc Monk began the quest for the
                  | Orb.
     0 | D:1      | Reached XP level 1. HP: 19/19 MP: 1/1
   115 | D:1      | Reached XP level 2. HP: 17/27 MP: 2/2
   574 | D:1      | Reached skill level 1 in Armour
   574 | D:1      | Reached skill level 1 in Unarmed Combat
   714 | D:1      | Reached XP level 3. HP: 33/33 MP: 3/3
  1435 | D:1      | Found Pustam's Armour Shop.
  2022 | D:2      | Reached skill level 5 in Axes
  2297 | D:2      | Noticed Sigmund
  2481 | D:2      | HP: 1/33 [Sigmund (11)]
  2482 | D:2      | Slain by Sigmund

Illustrated notes

Levels and vault maps discovered:
D:1:      onia_arrival_handbag, layout_basic, serial_shops, shop, minmay_tripent
D:2:      layout_basic, chequers_ecumenical_altar_grove, uniq_sigmund

Skill      XL: |  1  2  3 |
---------------+----------+-----
Armour         | 1 |  1.4
Unarmed Combat | 1 |  1.0
Fighting       | 4 |  4.1
Axes           | 5 |  5.0
Dodging        | |  2.4
Stealth        | |  1.5

Action                   || total
-------------------------++-------
Melee: Hand axe          ||   148
       Punch             ||     1
  Use: Potion            ||     3
 Stab: Sleeping          ||     5
       Invisible         ||     5
Armor: Robe              ||     5
       Ring mail         ||    30
Dodge: Dodged            ||   102
